 Dungeon Crawl Stone Soup version 0.21.1-1-g345015fe64 (webtiles) character file.

46314 KingHarkinian the Unseen (level 14, -11/72 (74) HPs)
             Began as a Spriggan Enchanter on Apr 17, 2018.
             Was a High Priest of Kikubaaqudgha.
             Splashed with acid (31 damage)
             ... on level 3 of the Pits of Slime.
             The game lasted 02:36:12 (24529 turns).

KingHarkinian the Unseen (Spriggan Enchanter)      Turns: 24529, Time: 02:36:13

HP:   -11/72 (74)   AC:  8    Str:  4      XL:     14   Next: 4%
MP:   21/24         EV: 31    Int: 22      God:    Kikubaaqudgha [*****.]
Gold: 545           SH:  0    Dex: 16 (18) Spells: 3/25 levels left

rFire    . . .     SeeInvis +   a - +3 dagger
rCold    . . .     Gourm    .   (shield restricted)
rNeg     . . .     Faith    .   w - +1 steam dragon scales
rPois    .         Spirit   .   Y - +0 hat
rElec    .         Reflect  .   v - +1 cloak
rCorr    .         Harm     .   (gloves unavailable)
MR       ++...                  (boots unavailable)
Stlth    +++.......             (no amulet)
HPRegen  0.22/turn              j - ring of wizardry
MPRegen  0.19/turn              o - +2 ring of intelligence

@: confused, very quick
A: very small, unfitting armour, see invisible, deterioration 2, herbivore,
speed 3, slow metabolism 2
a: Receive Corpses, Torment, Renounce Religion


You were on level 3 of the Pits of Slime.
You worshipped Kikubaaqudgha.
Kikubaaqudgha was extremely pleased with you.
You were very hungry.

You visited 3 branches of the dungeon, and saw 21 of its levels.

You collected 785 gold pieces.
You spent 240 gold pieces at shops.


Innate Abilities, Weirdness & Mutations

You are very small and have problems with some larger weapons.
You are too small for most types of armour.
You have supernaturally acute eyesight. (SInv)
You are a herbivore.
You cover ground extremely quickly.
You need consume almost no food.
Your body often deteriorates upon taking damage.


   Skills:
 + Level 8.8 Fighting
 - Level 10.0 Short Blades
 - Level 15.0 Dodging
 * Level 20.4 Stealth
 - Level 6.0 Spellcasting
 - Level 10.0 Hexes
 - Level 4.0 Necromancy


You had 3 spell levels left.
You knew the following spells:

 Your Spells              Type           Power        Failure   Level  Hunger
a - Corona                Hex            ######.      1%          1    None
b - Confusing Touch       Hex            ######       1%          1    None
c - Pain                  Necr           ###.         1%          1    None
d - Animate Skeleton      Necr           N/A          1%          1    None
o - Apportation           Tloc           #.....       3%          1    None
q - Dazzling Spray        Conj/Hex       ####..       1%          3    #......
r - Corpse Rot            Necr           N/A          1%          2    None
t - Tukima's Dance        Hex            ######..     1%          3    #......
x - Confuse               Hex            ######..     1%          3    #......
z - Ensorcelled Hibernat  Hex/Ice        ####..       1%          2    None
E - Animate Dead          Necr           N/A          7%          4    ###....

Inventory:

Hand Weapons
 a - a +3 dagger (weapon)
 q - a +0 blowgun
 F - a +3 rapier of flaming
Missiles
 g - 430 stones (quivered)
 m - 3 tomahawks
 W - 8 needles of sleeping
 Z - 2 throwing nets {=f}
Armour
 v - a +1 cloak (worn)
 w - +1 steam dragon scales (worn)
 C - a +2 robe of cold resistance
 Y - a +0 hat (worn)
Magical Staves
 K - an uncursed staff of death
Jewellery
 i - an uncursed ring of fire {unknown}
 j - a ring of wizardry (left hand)
 o - a +2 ring of intelligence (right hand)
 L - an uncursed ring of see invisible {unknown}
 V - an uncursed ring of fire {unknown}
 X - a cursed ring of loudness {unknown}
Wands
 u - a wand of random effects (39)
 y - a wand of disintegration (14)
 D - a wand of digging (9)
 E - a wand of enslavement (31)
 G - a wand of polymorph (51)
 I - a wand of iceblast (11)
 P - a wand of paralysis (10)
 S - a wand of scattershot (4)
Scrolls
 k - 5 scrolls of fear
 s - a scroll of holy word
 x - a scroll of amnesia
 B - a scroll of blinking
 H - a scroll of fog
 M - 2 scrolls of magic mapping
 N - 3 scrolls of remove curse
 O - 2 scrolls of summoning
 T - 2 scrolls of teleportation {@r4}
Potions
 b - 3 potions of berserk rage {!q}
 d - 3 potions of brilliance
 e - 4 potions of flight
 f - 5 potions of heal wounds {@q2}
 h - 2 potions of lignification {!q}
 l - a potion of invisibility
 n - a potion of cancellation
 r - 5 potions of might
 A - a potion of magic
 Q - 9 potions of curing {@q1}
 U - a potion of resistance
Books
 c - a book of Unlife

   Spells                             Type                      Level
   a - Recall                         Summoning/Translocation      3
   b - Animate Dead                   Necromancy                   4
   c - Borgnjor's Vile Clutch         Necromancy/Earth             5
   d - Death Channel                  Necromancy                   6
   e - Simulacrum                     Ice/Necromancy               6
 t - Kikubaaqudgha's Grimoire of Dark Secrets

   Spells                             Type                      Level
   a - Pain                           Necromancy                   1
   b - Corpse Rot                     Necromancy                   2
   c - Sublimation of Blood           Necromancy                   2
   d - Vampiric Draining              Necromancy                   3
 J - Kikubaaqudgha's Almanac of Dark Rituals

   Spells                             Type                      Level
   a - Excruciating Wounds            Charms/Necromancy            5
   b - Agony                          Necromancy                   5
   c - Dispel Undead                  Necromancy                   5
   d - Simulacrum                     Ice/Necromancy               6
   e - Death Channel                  Necromancy                   6
Comestibles
 z - 18 rations

Dungeon Overview and Level Annotations

Branches:
Dungeon (12/15)            Temple (0/1) D:6            Lair (5/6) D:9
 Shoals (0/4) Lair:2        Snake (0/4) Lair:2        Slime (4/5) Lair:5
    Orc (0/2) D:12

Altars:
Cheibriados
Dithmenos
Fedhas
Gozag
Kikubaaqudgha
Qazlal
Ru
Trog
Uskayaw
Xom
Yredelemnul
Zin

Shops:
D:4 (   D:5 *   D:7 :

Annotations:
D:3 2 transporters
Slime:1 Dissolution

#......#......#####
#..<.......#.....#.
#..................
##.....>............
##...................
#.....................
.J..##........#.......
#J##.###................
###.###@...........#.#..
##....#J....##......###..
#....#.ยง.....#...#...###.
#.#....G............# #
#...............#
##...............
###............
##.#.#.##.#.. ####### J.


You could see a slime creature and a golden eye.


Message History

The golden eye blinks at you. You resist with almost no effort.
You are splashed with acid!
The walls burn you! The slime creature hits you.
* * * LOW HITPOINT WARNING * * *
You are splashed with acid!
The wall burns you!
* * * LOW HITPOINT WARNING * * *
You are splashed with acid!
The walls burn you!
* * * LOW HITPOINT WARNING * * *
The golden eye blinks!
You're too confused to move!
You are splashed with acid!
The walls burn you!
* * * LOW HITPOINT WARNING * * *
Your body deteriorates!
You feel clumsy. The golden eye blinks at you.
You easily resist.
The slime creature completely misses you.
The golden eye blinks at you. You resist with almost no effort.
Your magical effects are unravelling.
You feel magically purged.
You are splashed with acid!
The walls burn you!
You die...
Kikubaaqudgha rasps: "You have failed me!
Welcome... death!"

Action                   |  1- 3 |  4- 6 |  7- 9 | 10-12 | 13-15 || total
-------------------------+-------+-------+-------+-------+-------++-------
Melee: Dagger            |    86 |    58 |   298 |   750 |   110 ||  1302
       Rapier            |       |       |       |       |     6 ||     6
Throw: Stone             |       |       |     2 |    26 |     2 ||    30
 Cast: Ensorcelled Hiber |    20 |    30 |   118 |   261 |   137 ||   566
       Corona            |     1 |       |       |     2 |     2 ||     5
       Confusing Touch   |       |     1 |     3 |     1 |       ||     5
       Confuse           |       |       |     5 |    39 |     8 ||    52
       Tukima's Dance    |       |       |     1 |       |       ||     1
       Animate Skeleton  |       |       |       |    13 |    14 ||    27
       Pain              |       |       |       |     3 |       ||     3
       Dazzling Spray    |       |       |       |     7 |     3 ||    10
Invok: Receive Corpses   |       |       |       |     1 |       ||     1
  Use: Scroll            |       |     6 |    12 |     2 |    15 ||    35
       Potion            |       |       |       |       |     1 ||     1
 Stab: Sleeping          |    22 |    27 |    74 |   157 |    61 ||   341
       Distracted        |       |       |     2 |       |     2 ||     4
       Confused          |       |       |     5 |    27 |     4 ||    36
       Invisible         |       |       |       |     2 |       ||     2
  Eat: Ration            |       |     1 |     5 |     6 |     2 ||    14
Armor: Robe              |    12 |     3 |    14 |       |       ||    29
       Steam dragon scal |       |       |     4 |    34 |    12 ||    50
Dodge: Dodged            |    55 |    26 |   212 |   510 |   161 ||   964

Vault maps used:
D:1:      erik_arrival_orb_chamber, minmay_quantized
D:2:      minmay_misc_feat_chi
D:3:      gammafunk_temple_overflow_arena, bloody_trog, first_ration,
          grunt_decor_arrowhead, minmay_unequal
D:4:      gammafunk_temple_overflow_pools, serial_shops,
          nicolae_shop_overgrown_old_shop, minmay_misc_feat_roman,
          tgw_kikubaaqudgha
D:5:      kennysheep_little_box, serial_shops, shop, serial_bayou,
          serial_bayou_crossing, serial_bayou_ford_a, serial_bayou_pond_b,
          serial_bayou_pond_c
D:6:      lemuel_crystal_altar, minmay_temple_entry_fiery,
          uniq_crazy_yiuf_cottage, uniq_duvessa, uniq_prince_ribbit1
D:7:      minmay_the_grid_octo_triangle, marbit_many_paths,
          nicolae_overflow_hidden_temple, nicolae_ru_great_annihilating_truth,
          serial_shops, shop
D:8:      kb_xom_exploding_sheep
D:9:      grunt_gozag_breadcrumbs, grunt_lair_entry_orc_guard_hut
D:10:     hangedman_pestilent_swarm
D:11:     nicolae_two_hexagons
D:12:     orc_0_dummy, lab_entry_generic
Lair:1:   minivault_27, grunt_forest_large_clearing_hut
Lair:2:   minmay_shoals_entry_lonely_mermaid, dummy_snake_entry,
          beast_lair_carwin_8, grunt_megastairs_1, serial_bayou_shore_a,
          infiniplex_staircase_pool, uniq_fannar
Lair:3:   uniq_gastronok
Lair:4:   st_stairs_5, grunt_megastairs_3
Lair:5:   minmay_slime_entry_pillars
Slime:2:  cheibrodos_slime_lost_civilization_9, dissolution_awaits
Slime:3:  basic_altar, nicolae_slime_welcoming_committee

Notes
Turn   | Place    | Note
-------+----------+-------------------------------------------
     0 | D:1      | KingHarkinian the Spriggan Enchanter began the quest for the Orb.
     0 | D:1      | Reached XP level 1. HP: 9/9 MP: 5/5
    51 | D:1      | Reached skill level 5 in Stealth
    65 | D:1      | Reached XP level 2. HP: 7/13 MP: 6/6
   188 | D:1      | Learned a level 2 spell: Ensorcelled Hibernation
   752 | D:1      | Reached skill level 2 in Short Blades
   859 | D:1      | Reached XP level 3. HP: 16/16 MP: 0/8
  1073 | D:1      | Reached skill level 6 in Stealth
  1511 | D:2      | Reached XP level 4. HP: 9/21 MP: 0/9
  2113 | D:2      | Reached skill level 3 in Short Blades
  2113 | D:2      | Reached skill level 7 in Stealth
  2653 | D:3      | Found a blossoming altar of Fedhas.
  2655 | D:3      | Noticed an orc warrior
  2664 | D:3      | Found a transporter.
  2672 | D:3      | Found a transporter.
  2875 | D:3      | Reached XP level 5. HP: 24/24 MP: 4/10
  3058 | D:3      | Found a bloodstained altar of Trog.
  3088 | D:3      | Learned a level 3 spell: Confuse
  3433 | D:4      | Noticed a phantom
  3499 | D:4      | Noticed a water moccasin
  3548 | D:4      | Noticed a phantom
  3565 | D:4      | Killed a phantom
  3565 | D:4      | Reached skill level 8 in Stealth
  3631 | D:4      | Reached skill level 4 in Short Blades
  3642 | D:4      | Killed a water moccasin
  3642 | D:4      | Reached skill level 5 in Short Blades
  3642 | D:4      | Reached XP level 6. HP: 22/28 MP: 11/11
  3659 | D:4      | Learned a level 1 spell: Confusing Touch
  3672 | D:4      | Reached skill level 3 in Spellcasting
  3672 | D:4      | Reached skill level 4 in Hexes
  3949 | D:4      | Found an ancient bone altar of Kikubaaqudgha.
  3959 | D:4      | Noticed a human
  3961 | D:4      | Killed a human
  4001 | D:4      | Became a worshipper of Kikubaaqudgha
  4106 | D:4      | Found a shadowy altar of Dithmenos.
  4107 | D:4      | Found a glowing silver altar of Zin.
  4187 | D:4      | Reached XP level 7. HP: 26/32 MP: 3/13
  4620 | D:4      | Reached skill level 4 in Spellcasting
  4823 | D:4      | Found Nuen's Antique Weapon Shoppe.
  4930 | D:5      | Entered Level 5 of the Dungeon
  4956 | D:5      | Reached skill level 5 in Hexes
  5043 | D:5      | Learned a level 3 spell: Dazzling Spray
  5066 | D:5      | Found Tyziogee's Assorted Antiques.
  5083 | D:5      | Reached skill level 6 in Hexes
  5255 | D:5      | Identified a potion of resistance
  5269 | D:5      | Found a stormy altar of Qazlal.
  5740 | D:5      | Reached skill level 7 in Hexes
  6053 | D:5      | Reached skill level 8 in Hexes
  6053 | D:5      | Reached XP level 8. HP: 34/34 MP: 15/15
  6307 | D:5      | Reached skill level 1 in Fighting
  6711 | D:5      | Reached skill level 2 in Fighting
  6711 | D:5      | Reached skill level 4 in Dodging
  7037 | D:5      | Learned a level 3 spell: Tukima's Dance
  7188 | D:6      | Noticed Duvessa
  7193 | D:6      | Noticed Dowan
  7203 | D:6      | Reached skill level 3 in Fighting
  7203 | D:6      | Reached skill level 5 in Dodging
  7362 | D:6      | Noticed Prince Ribbit
  7368 | D:6      | Killed Prince Ribbit
  7368 | D:6      | Reached skill level 7 in Dodging
  7418 | D:6      | Reached * piety under Kikubaaqudgha
  7418 | D:6      | Identified Kikubaaqudgha's Grimoire of Dark Secrets (Kikubaaqudgha gifted it to you on level 6 of the Dungeon)
  7418 | D:6      | Received a gift from Kikubaaqudgha
  7422 | D:6      | Learned a level 1 spell: Pain
  7462 | D:6      | Reached skill level 8 in Dodging
  7545 | D:6      | HP: 3/38 [poisoned by a scorpion]
  7553 | D:6      | HP: 2/38 [poisoned by a scorpion]
  7904 | D:6      | Found a basalt altar of Yredelemnul.
  7919 | D:6      | Reached skill level 9 in Stealth
  7919 | D:6      | Reached XP level 9. HP: 36/42 MP: 11/16
  8130 | D:6      | Reached skill level 1 in Necromancy
  8171 | D:6      | Found a staircase to the Ecumenical Temple.
  8218 | D:6      | Killed Duvessa
  8222 | D:6      | Killed Dowan
  8367 | D:6      | Reached skill level 10 in Stealth
  8658 | D:6      | Found a runed door.
  8662 | D:6      | Noticed Crazy Yiuf
  8667 | D:6      | Killed Crazy Yiuf
  8837 | D:7      | Reached skill level 2 in Necromancy
  8929 | D:7      | Reached skill level 6 in Short Blades
  8962 | D:7      | Reached skill level 11 in Stealth
  9208 | D:7      | Reached skill level 3 in Necromancy
  9406 | D:7      | Found a sacrificial altar of Ru.
  9419 | D:7      | Reached ** piety under Kikubaaqudgha
  9602 | D:7      | Found Byophico's Book Shoppe.
  9604 | D:7      | Reached skill level 12 in Stealth
  9700 | D:7      | Found a snail-covered altar of Cheibriados.
  9857 | D:7      | Found a hide-covered altar of Uskayaw.
  9949 | D:7      | Reached skill level 7 in Short Blades
  9955 | D:7      | Identified the Grimoire of Toxic Ignition
 10168 | D:7      | Bought a book of Cantrips for 240 gold pieces
 10170 | D:7      | Learned a level 1 spell: Animate Skeleton
 10172 | D:7      | Learned a level 1 spell: Apportation
 10465 | D:8      | Reached XP level 10. HP: 47/47 MP: 14/17
 10473 | D:8      | Reached skill level 4 in Necromancy
 10909 | D:8      | Reached skill level 8 in Short Blades
 11124 | D:8      | Found a shimmering altar of Xom.
 11541 | D:8      | Reached skill level 4 in Fighting
 11570 | D:8      | Reached skill level 5 in Spellcasting
 11876 | D:9      | Reached skill level 5 in Fighting
 11878 | D:9      | Reached *** piety under Kikubaaqudgha
 11878 | D:9      | Identified Kikubaaqudgha's Almanac of Dark Rituals (Kikubaaqudgha gifted it to you on level 9 of the Dungeon)
 11878 | D:9      | Received a gift from Kikubaaqudgha
 11987 | D:9      | Reached skill level 6 in Spellcasting
 12112 | D:9      | Reached skill level 6 in Fighting
 12374 | D:9      | Found a staircase to the Lair.
 12407 | D:9      | Found an opulent altar of Gozag.
 12490 | D:9      | Noticed DildoBatman's ghost (novice FoEn)
 12712 | D:9      | Noticed a two-headed ogre
 12719 | D:9      | Killed a two-headed ogre
 12719 | D:9      | Reached skill level 9 in Dodging
 12719 | D:9      | Reached XP level 11. HP: 54/54 MP: 21/21
 13341 | D:10     | Entered Level 10 of the Dungeon
 13558 | D:9      | Killed DildoBatman's ghost
 13622 | D:10     | Reached skill level 10 in Dodging
 13689 | D:10     | Noticed a two-headed ogre
 13696 | D:10     | Killed a two-headed ogre
 13700 | D:10     | Got an encrusted buckler
 13706 | D:10     | Identified the cursed +0 buckler "Haudulol" {rCorr Int+4} (You found it on level 10 of the Dungeon)
 13758 | D:10     | Reached skill level 9 in Hexes
 13787 | D:10     | Reached **** piety under Kikubaaqudgha
 13810 | D:10     | Reached skill level 13 in Stealth
 13973 | D:10     | Reached skill level 9 in Short Blades
 14204 | D:10     | Reached skill level 11 in Dodging
 14627 | D:10     | Noticed an unseen horror
 14631 | D:10     | Killed an unseen horror
 14714 | D:11     | Noticed a brown ugly thing
 14726 | D:11     | Killed a brown ugly thing
 15092 | D:11     | Noticed a two-headed ogre
 15092 | D:11     | Noticed a red ugly thing
 15095 | D:11     | Killed a red ugly thing
 15110 | D:11     | Killed a two-headed ogre
 15110 | D:11     | Reached skill level 12 in Dodging
 15838 | D:12     | Reached XP level 12. HP: 59/59 MP: 19/22
 15896 | D:12     | Reached skill level 10 in Hexes
 15901 | D:12     | Found a staircase to the Orcish Mines.
 16004 | D:12     | Reached skill level 14 in Stealth
 16055 | D:12     | Noticed a two-headed ogre
 16346 | D:12     | Reached skill level 13 in Dodging
 16455 | D:12     | Reached skill level 10 in Short Blades
 16555 | D:12     | Killed a two-headed ogre
 17116 | D:12     | Reached ***** piety under Kikubaaqudgha
 17197 | D:12     | Reached skill level 14 in Dodging
 17848 | Lair:1   | Entered Level 1 of the Lair of Beasts
 18354 | Lair:1   | Noticed a death yak
 18357 | Lair:1   | Killed a death yak
 18357 | Lair:1   | Reached skill level 15 in Stealth
 18476 | Lair:2   | Found a staircase to the Snake Pit.
 18480 | Lair:2   | Noticed Fannar
 18490 | Lair:2   | Reached skill level 15 in Dodging
 18495 | Lair:2   | Killed Fannar
 19028 | Lair:2   | Reached skill level 16 in Stealth
 19160 | Lair:2   | Found a staircase to the Shoals.
 19256 | Lair:2   | Noticed a five-headed hydra
 19263 | Lair:2   | Killed a five-headed hydra
 19331 | Lair:2   | Noticed a four-headed hydra
 19338 | Lair:2   | Killed a four-headed hydra
 19498 | Lair:2   | Noticed a four-headed hydra
 19505 | Lair:2   | Killed a four-headed hydra
 19505 | Lair:2   | Reached XP level 13. HP: 56/64 MP: 23/23
 19532 | Lair:2   | Reached skill level 7 in Fighting
 19532 | Lair:2   | Reached skill level 17 in Stealth
 20630 | Lair:3   | Noticed Gastronok
 21111 | Lair:3   | Killed Gastronok
 21164 | Lair:3   | Learned a level 2 spell: Corpse Rot
 21177 | Lair:3   | Learned a level 4 spell: Animate Dead
 21766 | Lair:4   | Reached skill level 18 in Stealth
 23000 | Lair:5   | Reached skill level 8 in Fighting
 23012 | Lair:5   | Reached skill level 19 in Stealth
 23450 | Lair:5   | Found a staircase to the Slime Pits.
 23784 | Lair:5   | Identified a scroll of acquirement
 23856 | Slime:1  | Entered Level 1 of the Pits of Slime
 23857 | Slime:1  | Noticed an azure jelly
 23862 | Slime:2  | Noticed Dissolution
 24103 | Slime:1  | Killed an azure jelly
 24181 | Slime:1  | Noticed an azure jelly
 24187 | Slime:1  | Killed an azure jelly
 24187 | Slime:1  | Gained mutation: Your body sometimes deteriorates upon taking damage. [a shining eye]
 24189 | Slime:1  | Gained mutation: Your body often deteriorates upon taking damage. [a shining eye]
 24417 | Slime:2  | Noticed an acid blob
 24425 | Slime:2  | Killed an acid blob
 24425 | Slime:2  | Reached skill level 20 in Stealth
 24439 | Slime:4  | Noticed an azure jelly
 24445 | Slime:4  | Killed an azure jelly
 24445 | Slime:4  | Reached XP level 14. HP: 72/72 MP: 24/24
 24494 | Slime:3  | Noticed an acid blob
 24529 | Slime:3  | Splashed with acid

Vanquished Creatures
  An acid blob (Slime:2)
  Gastronok (Lair:3)
  3 azure jellies
  Fannar (Lair:2)
  4 hydras (Lair:2)
  4 two-headed ogres
  A death yak (Lair:1)
  The ghost of DildoBatman the Jinx, a novice FoEn of Kikubaaqudgha (D:9)
  An unseen horror (D:10)
  A manticore (D:12)
  2 ugly things (D:11)
  A shining eye (Slime:3)
  6 elephants (Lair:5)
  4 black mambas
  A torpor snail (Lair:4)
  2 gargoyles
  5 spiny frogs
  A rime drake (Lair:3)
  A kobold demonologist (D:12)
  7 komodo dragons
  Prince Ribbit (D:6)
  5 trolls
  11 slime creatures
  2 hippogriffs
  3 blink frogs (Lair:2)
  A dream sheep (D:8)
  A spriggan (Lair:1)
  2 wyverns
  4 golden eyes (Slime:3)
  4 basilisks
  24 yaks
  A vampire (D:7)
  2 hungry ghosts
  7 vampire mosquitoes
  A steam dragon (D:7)
  2 soldier ants (D:10)
  9 water moccasins
  7 porcupines
  Duvessa (D:6)
  2 eyes of draining
  5 orc warriors
  3 black bears
  6 ice beasts
  2 phantoms
  7 sky beasts
  14 crocodiles
  2 necrophages
  12 ogres
  4 centaurs
  2 big kobolds
  18 bullfrogs
  A gnoll sergeant (D:8)
  Dowan (D:6)
  A wyvern zombie (D:10)
  7 scorpions
  11 killer bees
  An electric eel (Lair:2)
  2 howler monkeys
  7 crimson imps
  3 centaur zombies
  4 jellies
  2 bullfrog zombies (D:8)
  2 orc priests
  2 bullfrog skeletons
  7 hounds
  10 orc wizards
  Crazy Yiuf (D:6)
  10 worker ants
  9 iguanas
  A hound skeleton (D:9)
  11 gnolls
  A worker ant zombie (D:10)
  A howler monkey skeleton (D:6)
  13 adders
  2 shadow imps
  2 adder skeletons (D:4)
  2 adder zombies
  3 dart slugs
  4 leopard geckos
  18 orcs
  9 bats
  7 giant cockroaches
  8 goblins
  7 hobgoblins
  4 jackals (D:7)
  4 quokkas
  5 frilled lizards
  A jackal skeleton (D:4)
  A jackal zombie (D:7)
  8 kobolds
  A leopard gecko skeleton (D:4)
  A quokka zombie (D:9)
  17 rats
  A fungus (D:6)
426 creatures vanquished.

Vanquished Creatures (collateral kills)
  A merfolk siren (Lair:2)
  A kobold demonologist (D:12)
  A wyvern (Lair:5)
  4 hell rats (Lair:5)
  A quokka (D:12)
  2 kobolds (D:12)
  A fungus (Lair:3)
  A plant (Lair:2)
12 creatures vanquished.

Vanquished Creatures (others)
  4 dream sheep (D:8)
  A human (D:4)
  An orc wizard (D:4)
  12 fungi
  16 plants
34 creatures vanquished.

Grand Total: 472 creatures vanquished
